 Dungeon Crawl Stone Soup version 0.30-a0-561-g1b0378597e (webtiles) character file.

Game seed: 18441387792168825440

43 HessuHobo the Covered (level 3, -2/24 HPs)
             Began as a Gargoyle Fighter on Dec 28, 2022.
             Killed from afar by Natasha (4 damage)
             ... with a magic dart
             ... on level 2 of the Dungeon.
             The game lasted 00:01:17 (865 turns).

HessuHobo the Covered (Gargoyle Fighter)             Turns: 865, Time: 00:01:17

Health: -2/24      AC:  9    Str: 21    XL:     3   Next: 58%
Magic:  3/3        EV: 10    Int:  8    God:
Gold:   71         SH:  4    Dex:  9    Spells: 2/2 levels left

rFire   . . .      SeeInvis .    a - +0 flail
rCold   + . .      Faith    .    c - +0 buckler
rNeg    + . .      Spirit   .    i - +0 ring mail {rC+}
rPois   ∞          Reflect  .    (no helmet)
rElec   +          Harm     .    (no cloak)
rCorr   .          Rampage  .    (no gloves)
Will    .....                    (no boots) Stlth
                                 (no amulet)
HPRegen 0.24/turn                (no ring)
MPRegen 0.08/turn                (no ring)

@: slowed, very slow
A: sickness immunity, AC +3, negative energy resistance 1, electricity
resistance, torment resistance 1, petrification resistance
a: no special abilities


You were on level 2 of the Dungeon.
You visited 1 branch of the dungeon, and saw 2 of its levels.

You collected 71 gold pieces.

Inventory:

Hand Weapons
 a - a +0 flail (weapon)
Armour
 b - a +0 scale mail
 c - a +0 buckler (worn)
 i - a +0 ring mail of cold resistance (worn)
Scrolls
 e - a scroll of teleportation {unknown}
Potions
 d - a potion of might
 f - a potion of curing {unknown}
 g - a potion of attraction {unknown}
 h - a potion of haste {unknown}


   Skills:
 + Level 3.9 Fighting
 + Level 2.7 Maces & Flails
 + Level 3.9 Armour
 - Level 3.3 Shields


You had 2 spell levels left.
You didn't know any spells.
Your spell library was empty.

Dungeon Overview and Level Annotations

Branches:
Dungeon (2/15)

Altars:

Shops:
D:1 [

Annotations:
D:2 Natasha


Innate Abilities, Weirdness & Mutations

You are immune to sickness and miasma.
Your stone body is resilient. (AC +3)
You are immune to poison.
You resist negative energy. (rN+)
You are resistant to electric shocks. (rElec)
You are resistant to unholy torment.
You are immune to petrification.


Message History

You closely miss Natasha.
Natasha is moderately wounded.
Natasha claws you. Natasha claws you but does no damage.
You miss Natasha.
Natasha is moderately wounded.
Natasha claws you. Natasha casts a spell at you.
You feel as though you will be slow longer.
You are too injured to fight recklessly!
You are too injured to fight recklessly!
You hit Natasha but do no damage.
Natasha is lightly wounded.
Natasha stares at you and mumbles some strange words.
The magic dart hits you. Natasha closely misses you.
You barely miss Natasha.
Natasha is lightly wounded.
Natasha closely misses you. Natasha claws you.
* * * LOW HITPOINT WARNING * * *
Okay, then.
You barely miss Natasha.
Natasha is lightly wounded.
Natasha claws you but does no damage. Natasha misses you.
You thump Natasha!
Natasha is severely wounded.
Natasha barely misses you. x2
You hit Natasha.
Natasha is almost dead.
Natasha closely misses you.
A frilled lizard comes into view.
Natasha claws you.
* * * LOW HITPOINT WARNING * * *
You barely miss Natasha.
Natasha is almost dead.
Natasha claws you but does no damage.
Natasha mumbles some strange words.
You closely miss Natasha.
Natasha is almost dead.
Natasha casts a spell at you. The magic dart hits you.
You die...

.# ##.### #. #...>
#.# #...# ..( #...#
#.## #...#
...########...##...
#.#.(.l?.)@h.5....
#...#####+#######+
#.<.# #........#
###.##...# # ....#
##.#.+ ....# ###..#


You could see Natasha, a shadow imp (summoned) and a frilled lizard.

Vanquished Creatures
  A dart slug (D:1)
  3 bats (D:1)
  6 endoplasms
  A goblin (D:1)
  6 hobgoblins (D:1)
  4 jackals (D:1)
  5 ball pythons (D:1)
  A frilled lizard (D:1)
  5 kobolds
  6 rats (D:1)
38 creatures vanquished.

Notes
Turn   | Place    | Note
-------+----------+-------------------------------------------
     0 | D:1      | HessuHobo the Gargoyle Fighter began the quest for the Orb.
     0 | D:1      | Reached XP level 1. HP: 14/14 MP: 1/1
    44 | D:1      | Reached XP level 2. HP: 10/19 MP: 2/2
   291 | D:1      | Reached XP level 3. HP: 24/24 MP: 3/3
   603 | D:1      | Found Xaxtol's Antique Armour Boutique.
   851 | D:2      | Noticed Natasha
   863 | D:2      | HP: 1/24 [Natasha (5)]
   865 | D:2      | Killed from afar by Natasha

Illustrated notes

Levels and vault maps discovered:
D:1:      enne_arrival_octagon_isle, layout_loops_ring, serial_shops,
          nicolae_shop_waterfront, minmay_pentomino_s4
D:2:      layout_loops_cross, minmay_quadrilaterals, uniq_natasha

Action                   || total
-------------------------++-------
Melee: Flail             ||   114
Armor: Scale mail        ||    47
       Ring mail         ||     5
Dodge: Dodged            ||    62
Block: Buckler           ||    26

Table legend: (Time is in decaauts)
 A = Elapsed time spent in this place.
 B = Non-inter-level travel time spent in this place.
 C = Inter-level travel time spent in this place.
 D = Time resting spent in this place.
 E = Time spent auto-exploring this place.
 F = Levels seen in this place.
 G = Mean time per level.
                   A        B        C        D        E       F      G
               +--------+--------+--------+--------+--------+-----+--------+
         Total |    908 |    871 |     37 |     61 |    551 |   2 |  454.0 |
       Dungeon |    908 |    871 |     37 |     61 |    551 |   2 |  454.0 |
               +--------+--------+--------+--------+--------+-----+--------+

Top non-repeatable levels by time:
     D:1: 876 daAuts
     D:2: 32 daAuts
